 Dungeon Crawl Stone Soup version 0.22.1-2-g9c5b331 (webtiles) character file.

67 retrovino the Slasher (level 4, -3/37 HPs)
             Began as a Draconian Gladiator on Dec 26, 2018.
             Slain by an ogre
             ... wielding a +0 giant club
              (10 damage)
             ... on level 4 of the Dungeon.
             The game lasted 00:32:11 (3635 turns).

retrovino the Slasher (Draconian Gladiator)         Turns: 3635, Time: 00:32:12

Health: -3/37      AC:  5    Str: 17    XL:     4   Next: 0%
Magic:  4/4        EV: 13    Int:  8    God:
Gold:   102        SH:  0    Dex: 13    Spells: 3/3 levels left

rFire    . . .     SeeInvis .   a - +0 long sword
rCold    . . .     Gourm    .   (no shield)
rNeg     . . .     Faith    .   (armour unavailable)
rPois    .         Spirit   .   b - +0 hat
rElec    .         Reflect  .   (no cloak)
rCorr    .         Harm     .   (no gloves)
MR       .....                  (no boots)
Stlth    +.........             (no amulet)
HPRegen  0.12/turn              (no ring)
MPRegen  0.09/turn              (no ring)

@: no status effects
A: unfitting armour, cold-blooded, AC +5
a: no special abilities


You were on level 4 of the Dungeon.
You were full.

You visited 1 branch of the dungeon, and saw 4 of its levels.

You collected 102 gold pieces.

Inventory:

Hand Weapons
 a - a +0 long sword (weapon)
 h - a +0 short sword
 k - a +0 dagger
 n - a +2 whip of venom
 o - a +0 whip
 p - a +0 dagger
 x - a +0 short sword
 z - a +0 spear
 C - a +0 hand axe of chopping
 G - a +0 arbalest
Missiles
 c - 3 throwing nets (quivered)
 g - 20 arrows
 l - 3 needles of paralysis
 t - 20 poisoned needles
 F - 24 bolts
Armour
 b - a +0 hat (worn)
 u - a +0 leather armour
 y - a +0 chain mail
 A - a +0 leather armour
 E - a +0 leather armour
Jewellery
 w - a +4 ring of dexterity {unknown}
Wands
 v - a wand of flame (17)
Scrolls
 e - 2 scrolls of teleportation {unknown}
 m - 2 scrolls of enchant weapon {unknown}
 r - a scroll of fog {unknown}
 s - a scroll of remove curse {unknown}
 B - 3 scrolls of identify {unknown}
Potions
 f - a potion of degeneration {unknown}
 i - 3 potions of curing {unknown}
 j - 2 potions of agility {unknown}
 q - 2 potions of heal wounds {unknown}
 D - 2 potions of haste
Comestibles
 d - 4 rations


   Skills:
 + Level 2.4 Fighting
 + Level 4.0 Long Blades
 + Level 2.0 Throwing
 + Level 3.4 Dodging
 * Level 0.3 Stealth


You had 3 spell levels left.
You didn't know any spells.
Your spell library contained the following spells:

 Spells                   Type           Power        Failure   Level  Hunger
 Confusing Touch          Hex            #.....       41%         1    ##.....
 Confuse                  Hex            #.......     78%         3    ####...
 Gell's Gravitas          Tloc           #.........   78%         3    ####...
 Petrify                  Tmut/Erth      #.......     99%         4    #####..
 Metabolic Englaciation   Hex/Ice        #.........   100%        5    ######.
 Yara's Violent Unravell  Hex/Tmut       #.........   100%        5    ######.


Dungeon Overview and Level Annotations

Branches:
Dungeon (4/15)
 Temple: D:4-7

Altars:
Vehumet


Innate Abilities, Weirdness & Mutations

Your plain brown scales are hard. (AC +5)
You cannot fit into any form of body armour.
You are cold-blooded and may be slowed by cold attacks.


Message History

That item cannot be evoked!
Unknown command.
Unknown command.
Okay, then.
What are your orders? t - Shout!
Orders for allies: a - Attack new target. r - Retreat! s - Stop attacking. g - Guard the area. f - Follow me.
Anything else - Cancel.
Follow me!
The ogre hits you with a giant club!!
Ouch! That really hurt!
* * * LOW HITPOINT WARNING * * *
You open the door.
A hound comes into view.
The hound barks!
You hear a bark!
A hound comes into view.
The ogre hits you with a giant club!
You die...

#.........# #.........#
#########.........#+####
........................
.........###'#..........
.........#...#..........
.........#...#..........
'#####'###...#..O.......
...#.........#..@.......
#..#.........####h###...
####....##.......... ..
##'####...##..h..# #...
#.(.# ....# #.... ....#
...# ##...##.... ...#
#+####..... ...#


You could see an ogre and 2 hounds.

Vanquished Creatures
  2 adders (D:2)
  An ooze (D:1)
  2 worms (D:2)
  2 dart slugs
  An orc (D:3)
  4 giant cockroaches
  3 goblins
  4 hobgoblins
  2 jackals (D:1)
  6 bats
  2 frilled lizards
  5 kobolds
  A rat (D:1)
35 creatures vanquished.

Vanquished Creatures (others)
  9 toadstools (D:3)
9 creatures vanquished.

Grand Total: 44 creatures vanquished

Notes
Turn   | Place    | Note
-------+----------+-------------------------------------------
     0 | D:1      | retrovino the Draconian Gladiator began the quest for the
                  | Orb.
     0 | D:1      | Reached XP level 1. HP: 17/17 MP: 1/1
   310 | D:1      | Reached XP level 2. HP: 20/24 MP: 2/2
  1372 | D:2      | Found a radiant altar of Vehumet.
  1503 | D:2      | Reached XP level 3. HP: 24/30 MP: 3/3
  3043 | D:3      | Reached skill level 4 in Long Blades
  3044 | D:3      | Reached XP level 4. HP: 31/37 MP: 4/4
  3620 | D:4      | Noticed an ogre
  3635 | D:4      | Slain by an ogre

Skill      XL: |  1  2  3 |
---------------+----------+-----
Dodging        | 3 |  3.4
Throwing       | 2 |  2.0
Long Blades    | 4 |  4.0
Fighting       | |  2.4
Stealth        | |  0.3

Action                   |  1- 3 |  4- 6 || total
-------------------------+-------+-------++-------
Melee: Long sword        |    94 |       ||    94
       Tailslap          |    12 |       ||    12
  Use: Potion            |     1 |       ||     1
 Stab: Sleeping          |     2 |       ||     2
  Eat: Ration            |     3 |     1 ||     4
Armor: Skin              |    19 |       ||    19
Dodge: Dodged            |    79 |       ||    79
       Rpst.: Long sword |    22 |       ||    22
